[Event "1st 4NCL International U2050"]
[Site "Telford"]
[Date "2018.11.02"]
[Round "4"]
[White "Towers, Nigel S"]
[Black "Gogia, Armaan"]
[Result "0-1"]
[ECO "B91"]
[WhiteElo "1843"]
[BlackElo "1808"]
[Annotator "NA RC"]
[PlyCount "126"]
[EventDate "2018.10.31"]
[EventType "swiss"]
[EventCountry "GBR"]
[SourceTitle "playchess.com"]
[Source "ChessBase"]
[SourceQuality "1"]
[TimeControl "5400+30"]

1. e4 c5 2. Nf3 d6 3. d4 cxd4 4. Nxd4 Nf6 5. Nc3 a6 6. g3 e5 7. Nde2 b5 8. Bg2 Bb7 9. O-O Nbd7 {[%emt 0:00:06] LiveBook: 77 Games} 10. a4 b4 {[%emt 0:00:10] B91: Sicilian Najdorf: 6 g3} 11. Nd5 Nxd5 12. exd5 Be7 (12... a5 13. c3 bxc3 14. Nxc3 Be7 15. Be3 O-O 16. Nb5 Ba6 17. Qd2 Rb8 (17... Nc5 18. Bxc5 dxc5 {1-0 (54) Norberg,J (2298)-Svensson,B (2342) Sweden 2017}) 18. b4 axb4 19. Qxb4 {½-½ (27) Fressinet,L (2658)-Wojtaszek,R (2640) Novi Sad 2009}) 13. Be3 a5 14. h3 $146 (14. c4 $11 {remains equal.}) 14... Ba6 15. Re1 O-O 16. g4 Bxe2 17. Qxe2 Bg5 18. Qd2 Bxe3 19. Qxe3 Qb6 (19... f5 $19 20. Qg3 Rc8) 20. Qd2 (20. Qxb6 $17 {keeps fighting.} Nxb6 21. c3) 20... Rac8 21. Be4 Rc5 22. g5 f5 23. gxf6 Nxf6 ({But not} 23... Rxf6 24. Re3 $17) 24. Bf5 Nh5 25. Be6+ Kh8 26. Re3 Qd8 27. c3 Rc4 28. Qe2 Qg5+ 29. Bg4 (29. Kh1 $142 Nf4 30. Qf1) 29... Rcf4 30. Rf1 bxc3 31. Rxc3 Rxa4 32. Qc2 Raf4 33. Kh2 $19 Nf6 34. Rg3 Nxg4+ 35. hxg4 Qh4+ 36. Kg2 Rxg4 37. Qe2 Rxg3+ 38. fxg3 Qd8 39. Rxf8+ Qxf8 40. Qa6 Qd8 41. Qc4 h6 42. b4 axb4 43. Qxb4 Qc7 44. Qb5 Qc2+ 45. Kh3 Qf5+ 46. Kg2 e4 47. Qb8+ Kh7 48. Qxd6 e3 49. Qe6 Qxe6 50. dxe6 Kg6 51. Kf3 Kf6 52. Kxe3 Kxe6 53. Ke4 Kf6 54. Kf4 h5 55. Kf3 Kf5 56. g4+ hxg4+ 57. Kg3 Kg5 58. Kg2 Kh4 59. Kh2 g3+ 60. Kg2 Kg4 61. Kg1 Kh3 62. Kh1 g2+ 63. Kg1 g6 0-1

[Event "1st 4NCL International U2050"]
[Site "Telford"]
[Date "2018.11.02"]
[Round "4"]
[White "Somton, Anita"]
[Black "Chung, Ethan Cj"]
[Result "1-0"]
[ECO "B01"]
[WhiteElo "1795"]
[BlackElo "1577"]
[Annotator "NA RC"]
[PlyCount "51"]
[EventDate "2018.10.31"]
[EventType "swiss"]
[EventCountry "GBR"]
[SourceTitle "playchess.com"]
[Source "ChessBase"]
[SourceQuality "1"]
[TimeControl "5400+30"]

1. e4 d5 2. exd5 Nf6 3. d4 Nxd5 4. Nf3 Bf5 5. Bd3 Bg4 6. O-O e6 7. Re1 Be7 8. Nbd2 a6 9. Ne4 Nc6 10. c3 h6 11. h3 Bf5 12. Ng3 Bxd3 13. Qxd3 Qd7 14. a3 Bf6 15. Ne4 Be7 16. c4 Nf6 17. Ng3 O-O-O 18. Be3 Bc5 19. Rad1 Ba7 20. b4 e5 21. d5 Bxe3 22. Qxe3 Nb8 23. Nxe5 Qe8 24. Qa7 Qf8 25. a4 Qxb4 26. Rb1 1-0

[Event "1st 4NCL International U2050"]
[Site "Telford"]
[Date "2018.11.02"]
[Round "4"]
[White "Potter, Steven"]
[Black "Truman, Richard G"]
[Result "0-1"]
[ECO "A45"]
[WhiteElo "1771"]
[BlackElo "1902"]
[Annotator "NA RC"]
[PlyCount "106"]
[EventDate "2018.10.31"]
[EventType "swiss"]
[EventCountry "GBR"]
[SourceTitle "playchess.com"]
[Source "ChessBase"]
[SourceQuality "1"]
[TimeControl "5400+30"]

1. d4 Nf6 2. Bg5 Ne4 3. h4 c5 4. d5 Qb6 5. Qc1 h6 6. Be3 e6 7. dxe6 dxe6 8. Nd2 Nxd2 9. Bxd2 Nc6 10. Nf3 Bd6 11. e4 e5 12. c3 Be6 13. Be2 c4 14. Qc2 Qa5 15. O-O Qc7 16. Qa4 Qa5 17. Qd1 O-O {[%emt 0:00:27] [#]} (17... Rd8 $11) 18. Qc1 (18. Bxh6 $1 $14 Bc5 (18... gxh6 19. Qxd6) 19. Bd2) 18... Qc7 19. Nh2 Ne7 20. h5 f5 {[%emt 0:06:22] [#]} 21. Bf3 (21. Bxh6 $1 $11 fxe4 (21... gxh6 22. Qxh6) 22. Be3) 21... Qd7 22. Qc2 f4 23. Rad1 Rad8 24. Bc1 Kh8 25. Qe2 Ng8 26. Rd2 Nf6 27. Rfd1 Qe7 28. g4 $2 ({White should try} 28. Ng4 $15) 28... Bc5 29. Kf1 Nh7 30. Rxd8 Rxd8 31. Ke1 Rxd1+ 32. Kxd1 Qh4 33. Nf1 Qxf2 34. Qxf2 Bxf2 35. Ke2 Bc5 36. Nd2 Nf6 37. Kd1 b5 38. Kc2 Bxg4 39. Bxg4 Nxg4 40. Nf3 Bd6 41. b3 cxb3+ 42. axb3 $19 Kg8 43. c4 bxc4 44. bxc4 Kf7 45. Bb2 Ke6 46. Kb3 Nf6 47. Ka4 Nxe4 48. Kb5 Ng5 49. Nd2 e4 50. c5 Bxc5 51. Kxc5 e3 52. Nc4 e2 53. Bc3 Ne4+ 0-1

[Event "1st 4NCL International U2050"]
[Site "Telford"]
[Date "2018.11.02"]
[Round "4"]
[White "Di-Vetta, Andrew"]
[Black "Murphy, Ross"]
[Result "0-1"]
[ECO "B03"]
[WhiteElo "1681"]
[BlackElo "1652"]
[Annotator "NA RC"]
[PlyCount "130"]
[EventDate "2018.10.31"]
[EventType "swiss"]
[EventCountry "GBR"]
[SourceTitle "playchess.com"]
[Source "ChessBase"]
[SourceQuality "1"]
[TimeControl "5400+30"]

1. e4 Nf6 2. e5 Nd5 3. d4 d6 4. c4 Nb6 5. exd6 exd6 6. Nc3 Nc6 7. Be3 Bf5 8. a3 Be7 9. Nf3 Bg4 10. Qd3 Bxf3 11. gxf3 Na5 12. Qe4 Nbxc4 13. Bxc4 Nxc4 14. Nd5 c6 15. Nxe7 Qxe7 16. Qxe7+ Kxe7 17. b3 Nb6 18. h4 Kd7 19. Rg1 Rhg8 20. Kd2 Nd5 21. Kd3 Rae8 22. Rg4 Re6 23. h5 g6 24. Rag1 Rge8 25. Bd2 Re2 26. hxg6 fxg6 27. Rh1 R2e7 28. Rgh4 Rh8 29. Bg5 Rf7 30. f4 Ne7 31. Rh6 a5 32. Bxe7 Kxe7 33. Rxg6 hxg6 34. Rxh8 Rxf4 35. Ke3 Rf7 36. Ra8 Rf5 37. a4 Kd7 38. Rg8 Rf6 39. f4 Kc7 40. Rg7+ Kb6 41. Kf3 c5 42. d5 Ka6 43. Ke4 b5 44. Rc7 bxa4 45. bxa4 Kb6 46. Re7 c4 47. Re8 Kc7 48. Rh8 Kb7 49. Rh1 Rf7 50. Rc1 Rc7 51. Rc3 Kb6 52. Kd4 Rf7 53. Ke4 Kc5 54. Rg3 Re7+ 55. Kf3 Rg7 56. Ke4 Kb4 57. Kd4 Rf7 58. Rg4 Rf6 59. Ke4 Kxa4 60. Rg1 Kb3 61. Rb1+ Kc2 62. Ra1 c3 63. Rxa5 Kd2 64. Ra3 Rf7 65. Ra6 c2 0-1

[Event "1st 4NCL International U2050"]
[Site "Telford"]
[Date "2018.11.02"]
[Round "4"]
[White "Parry, Jacques"]
[Black "Hughes, Peter"]
[Result "1/2-1/2"]
[ECO "A87"]
[WhiteElo "1625"]
[BlackElo "1874"]
[Annotator "NA RC"]
[PlyCount "75"]
[EventDate "2018.10.31"]
[EventType "swiss"]
[EventCountry "GBR"]
[SourceTitle "playchess.com"]
[Source "ChessBase"]
[SourceQuality "1"]
[TimeControl "5400+30"]

1. d4 f5 2. g3 Nf6 3. Bg2 g6 4. c4 Bg7 5. Nf3 O-O 6. O-O d6 7. Nc3 Qe8 8. d5 a5 9. Rb1 Na6 10. a3 {[%emt 0:01:08] A87: Dutch Defence: Leningrad System: 5 Nf3} (10. b3 Bd7 11. Bb2 c6 12. Ne1 Nc5 13. Nd3 Nce4 14. Nf4 Nxc3 15. Bxc3 g5 16. Nd3 Qh5 17. Rc1 cxd5 18. cxd5 Rfc8 19. Bb2 {0-1 (35) Gurevich,M (2634)-Zhang,Z (2649) Beijing 2008}) 10... Nc5 11. Be3 $146 ({Predecessor:} 11. Nb5 Qd8 12. b4 axb4 13. axb4 Na4 14. Nfd4 e5 15. dxe6 c6 16. Bxc6 bxc6 17. Nxc6 Qe8 {½-½ (26) Berczes,D (2433)-Potapov,P (2380) Budapest 2007}) 11... Nce4 12. Nxe4 Nxe4 13. Bd4 Bh6 14. e3 e5 15. dxe6 $1 Bxe6 16. Qc2 (16. Nd2 $14 {keeps the upper hand.}) 16... c5 17. Bc3 Qf7 ({Black should try} 17... Bxc4 $17 18. Rfe1 Qb5) 18. Rfd1 Bxc4 19. b3 (19. Nd2 $1 $11 {was the only way to keep the balance.}) 19... Be6 ({Doch nicht} 19... Nxc3 $6 20. Qxc3 Be6 21. Rxd6 $14) 20. Ba1 Rad8 21. Qb2 Bg7 22. Qxg7+ Qxg7 23. Bxg7 Kxg7 24. Rb2 b5 25. Nd2 Nc3 26. Re1 d5 27. b4 axb4 28. axb4 Na4 ({Black should try} 28... c4 $17 29. Nf3 Ra8) 29. Rbb1 (29. Rc2 $15) 29... c4 30. Nf3 Kf6 31. Nd4 (31. Rec1 $15) 31... Rb8 ({Better is} 31... Nc3 $17 32. Rb2 Bd7) 32. Rbd1 (32. Ra1 $15) 32... Nc3 33. Rd2 Bf7 (33... Ra8 $17 34. Rc1 Ra3) 34. Rc1 Ne4 35. Rdd1 $15 Rfc8 36. Bf1 Nd6 37. Ne2 Ne4 38. Nd4 1/2-1/2

[Event "1st 4NCL International U2050"]
[Site "Telford"]
[Date "2018.11.02"]
[Round "4"]
[White "Aubury, Benjamin"]
[Black "Stubbs, Oliver"]
[Result "1/2-1/2"]
[ECO "E73"]
[WhiteElo "1566"]
[BlackElo "1672"]
[Annotator "NA RC"]
[PlyCount "53"]
[EventDate "2018.10.31"]
[EventType "swiss"]
[EventCountry "GBR"]
[SourceTitle "playchess.com"]
[Source "ChessBase"]
[SourceQuality "1"]
[TimeControl "5400+30"]

1. d4 Nf6 2. c4 g6 3. Nc3 Bg7 4. e4 d6 5. Be2 O-O 6. h4 e5 7. d5 c6 8. h5 cxd5 9. cxd5 a6 10. a4 Nbd7 11. Bg5 Qa5 12. hxg6 fxg6 13. f3 Qb4 14. Ra3 Nc5 15. Qc2 a5 16. Bd2 Qb6 17. Bb5 Bd7 18. Nh3 Rac8 19. Bxd7 Nfxd7 20. Ng5 h6 21. Ne6 Nxe6 22. dxe6 Nf6 23. Rb3 Qc6 24. Qc1 g5 25. Rb5 Rfe8 26. Rxa5 Rxe6 27. Rb5 1/2-1/2

[Event "1st 4NCL International U2050"]
[Site "Telford"]
[Date "2018.11.02"]
[Round "4"]
[White "Chen, Daniel Xingyu"]
[Black "Bryant, Richard Be"]
[Result "1/2-1/2"]
[ECO "B30"]
[WhiteElo "1258"]
[BlackElo "1856"]
[Annotator "NA RC"]
[PlyCount "97"]
[EventDate "2018.10.31"]
[EventType "swiss"]
[EventCountry "GBR"]
[SourceTitle "playchess.com"]
[Source "ChessBase"]
[SourceQuality "1"]
[TimeControl "5400+30"]

1. e4 e6 2. d3 c5 3. Nf3 Nc6 4. g3 d6 5. Bg2 Be7 6. O-O Nf6 7. Re1 e5 {[%emt 0:00:28] B30: Sicilian: 2...Nc6 3 Bb5, lines without ...g6} (7... O-O 8. c3 b5 9. d4 Bb7 10. d5 exd5 11. exd5 Na5 12. Nh4 Qd7 13. Na3 Rfe8 14. b4 Nc4 15. Nxc4 bxc4 16. Rb1 cxb4 17. Rxb4 {1-0 (65) Amin,B (2672)-Kovalenko,I (2659) Martuni 2017}) 8. c3 Bg4 9. Nbd2 Qd7 10. Nb3 $146 ({Predecessor:} 10. Nf1 O-O 11. Ne3 Bh5 12. h3 {½-½ (24) Le Ny,J (1690)-Pesquet,E (1500) Bretagne 2004}) 10... a5 11. a4 O-O 12. Nbd2 Rac8 13. Nf1 Qc7 (13... Rcd8 $11 {remains equal.}) 14. Ne3 Bd7 15. Nh4 g6 16. Nf3 Bd8 17. Nc4 Ne7 (17... Be6 $14) 18. Bh6 Re8 19. Bg5 Kg7 20. Bxf6+ Kxf6 21. Qd2 Kg7 22. b4 b6 23. b5 Ng8 24. Qd1 Be7 25. Nfd2 Bf6 26. Nf1 Be6 27. Nfe3 Rb8 28. Rb1 h5 29. Nd5 Bxd5 30. exd5 Ne7 31. Ne3 Rh8 32. Qf3 Ng8 33. h3 Rf8 34. h4 e4 $2 (34... Nh6 $11) 35. Qxe4 $2 (35. dxe4 $18 Be7 36. Nc4) 35... Bxc3 36. Rec1 Bd4 $2 {[%emt 0:01:08] [#]} (36... Bd2 $11) 37. Qxd4+ $1 cxd4 38. Rxc7 dxe3 39. fxe3 Re8 40. e4 Ne7 41. Rb7 Nc8 42. Bh3 g5 43. Rc1 g4 44. Bg2 Re7 45. Rxe7 Nxe7 46. Rc7 Kf6 47. d4 Nc8 48. Kf2 Re8 49. Ke3 $18 {[%emt 0:02:37] Ke5 [%clk 00:41:17] [%emt 00:00:35]} 1/2-1/2

[Event "1st 4NCL International U2050"]
[Site "Telford"]
[Date "2018.11.02"]
[Round "5"]
[White "De Coverly, Roger D"]
[Black "Somton, Anita"]
[Result "0-1"]
[ECO "B12"]
[WhiteElo "1946"]
[BlackElo "1795"]
[Annotator "NA"]
[PlyCount "88"]
[EventDate "2018.10.31"]
[EventType "swiss"]
[EventCountry "GBR"]
[SourceTitle "playchess.com"]
[Source "ChessBase"]
[SourceQuality "1"]
[TimeControl "5400+30"]

1. e4 c6 2. d4 d5 3. e5 Bf5 4. Nd2 e6 5. Ndf3 Nd7 6. Ne2 c5 7. Ng3 Bg6 8. c3 cxd4 9. cxd4 h6 10. Be2 Ne7 11. O-O Nc6 12. a3 Be7 13. b4 O-O 14. b5 Na5 15. Qa4 Rc8 16. Bd2 Nc4 17. Bxc4 Nb6 18. Ba5 Rxc4 19. Qd1 Qd7 20. Nd2 Rcc8 21. Bxb6 axb6 22. a4 Bc2 23. Qg4 Kh7 24. Rfc1 f5 25. exf6 Rxf6 26. Qe2 Bg6 27. h4 Rcf8 28. h5 Be8 29. Nf3 Bd6 30. Ne5 Bxe5 31. Qxe5 R8f7 32. Ra2 Qe7 33. Rac2 Qb4 34. Nh1 Qxa4 35. Rc8 Qxb5 36. Qb8 Rf8 37. Qxb7 Bxh5 38. Rxf8 Rxf8 39. Ng3 Qb2 40. Rf1 Bg6 41. Qe7 Rf6 42. Qd6 Qxd4 43. Ne2 Qd2 44. Ng3 Bd3 0-1

[Event "1st 4NCL International U2050"]
[Site "Telford"]
[Date "2018.11.02"]
[Round "5"]
[White "Truman, Richard G"]
[Black "Parry, Jacques"]
[Result "1-0"]
[ECO "D12"]
[WhiteElo "1902"]
[BlackElo "1625"]
[Annotator "NA"]
[PlyCount "39"]
[EventDate "2018.10.31"]
[EventType "swiss"]
[EventCountry "GBR"]
[SourceTitle "playchess.com"]
[Source "ChessBase"]
[SourceQuality "1"]
[TimeControl "5400+30"]

1. d4 d5 2. c4 c6 3. Nf3 Nf6 4. e3 Bf5 5. cxd5 cxd5 6. Qb3 Qc7 7. Nc3 e6 8. Bd2 Nbd7 9. Rc1 Qb6 10. Nb5 Bd6 11. Nxd6+ Qxd6 12. Qxb7 O-O 13. Bb4 Qb8 14. Ba6 Re8 15. O-O Bd3 16. Qxb8 Rexb8 17. Bxd3 Rxb4 18. b3 a5 19. Nd2 a4 20. a3 1-0

[Event "1st 4NCL International U2050"]
[Site "Telford"]
[Date "2018.11.02"]
[Round "5"]
[White "Fallowfield, Nicholas"]
[Black "Chen, Daniel Xingyu"]
[Result "1/2-1/2"]
[ECO "E01"]
[WhiteElo "1883"]
[BlackElo "1258"]
[Annotator "NA"]
[PlyCount "53"]
[EventDate "2018.10.31"]
[EventType "swiss"]
[EventCountry "GBR"]
[SourceTitle "playchess.com"]
[Source "ChessBase"]
[SourceQuality "1"]
[TimeControl "5400+30"]

1. Nf3 Nf6 2. c4 c6 3. g3 d5 4. Bg2 e6 5. O-O Bd6 6. Qc2 Nbd7 7. d4 O-O 8. Nbd2 Re8 9. e4 dxe4 10. Nxe4 Nxe4 11. Qxe4 Nf6 12. Qc2 c5 13. Rd1 Qc7 14. Bg5 Nd7 15. b3 Rb8 16. dxc5 Bxc5 17. Bf4 e5 18. Re1 Re7 19. Be3 Bxe3 20. Rxe3 f6 21. b4 Nf8 22. Bf1 b6 23. Bd3 Bb7 24. Be4 Bxe4 25. Qxe4 Qb7 26. Qxb7 Rbxb7 27. Rd1 1/2-1/2

[Event "1st 4NCL International U2050"]
[Site "Telford"]
[Date "2018.11.02"]
[Round "5"]
[White "Bryant, Richard Be"]
[Black "Di-Vetta, Andrew"]
[Result "1-0"]
[ECO "B23"]
[WhiteElo "1856"]
[BlackElo "1681"]
[Annotator "NA"]
[PlyCount "69"]
[EventDate "2018.10.31"]
[EventType "swiss"]
[EventCountry "GBR"]
[SourceTitle "playchess.com"]
[Source "ChessBase"]
[SourceQuality "1"]
[TimeControl "5400+30"]

1. e4 c5 2. Nc3 d6 3. f4 Nc6 4. Bb5 Bd7 5. Nf3 a6 6. Bxc6 Bxc6 7. d4 cxd4 8. Nxd4 Nf6 9. Nxc6 bxc6 10. Qf3 Qc7 11. O-O e6 12. e5 Nd5 13. Ne4 f5 14. Nxd6+ Bxd6 15. exd6 Qxd6 16. Kh1 O-O 17. Rd1 Qc5 18. Qe2 Rf6 19. c4 Ne7 20. Be3 Qa5 21. Rd7 Re8 22. a3 c5 23. Rad1 Ng6 24. Rb7 Nf8 25. Qf2 Qa4 26. b3 Qc6 27. Qf3 Qc8 28. Rb6 Rf7 29. Rdd6 a5 30. Rbc6 Rc7 31. Bxc5 Rd8 32. Rxd8 Qxd8 33. Bb6 Rxc6 34. Bxd8 Rd6 35. Be7 1-0

[Event "1st 4NCL International U2050"]
[Site "Telford"]
[Date "2018.11.02"]
[Round "5"]
[White "Walley, A Clive"]
[Black "Potter, Steven"]
[Result "1-0"]
[ECO "B00"]
[WhiteElo "1846"]
[BlackElo "1771"]
[Annotator "NA"]
[PlyCount "73"]
[EventDate "2018.10.31"]
[EventType "swiss"]
[EventCountry "GBR"]
[SourceTitle "playchess.com"]
[Source "ChessBase"]
[SourceQuality "1"]
[TimeControl "5400+30"]

1. e4 e6 2. d4 b6 3. Bd3 Bb7 4. Nf3 c5 5. c3 Nf6 6. Qe2 Be7 7. e5 Nd5 8. dxc5 bxc5 9. c4 Nb4 10. Be4 N8c6 11. a3 Na6 12. Nc3 Nc7 13. O-O Na5 14. Bf4 O-O 15. Rad1 Bxe4 16. Nxe4 f5 17. exf6 Bxf6 18. Nxf6+ gxf6 19. Bd6 Rf7 20. Bxc5 Nb3 21. Bd6 Ne8 22. Bb4 a5 23. Bc3 a4 24. Nd4 Qb6 25. Nxb3 Qxb3 26. Rd4 Qb7 27. Rfd1 Rg7 28. Rg4 Rg6 29. Rd3 Kf7 30. Bb4 Rc8 31. Rdg3 Qc6 32. Rxg6 hxg6 33. Qg4 e5 34. Qxg6+ Ke6 35. Qg4+ f5 36. Qg8+ Kf6 37. Rg6# 1-0

[Event "1st 4NCL International U2050"]
[Site "Telford"]
[Date "2018.11.02"]
[Round "5"]
[White "Neatherway, A Philip"]
[Black "Ali, Golam S"]
[Result "1/2-1/2"]
[ECO "B90"]
[WhiteElo "1813"]
[BlackElo "1859"]
[Annotator "NA"]
[PlyCount "141"]
[EventDate "2018.10.31"]
[EventType "swiss"]
[EventCountry "GBR"]
[SourceTitle "playchess.com"]
[Source "ChessBase"]
[SourceQuality "1"]
[TimeControl "5400+30"]

1. e4 c5 2. Nf3 d6 3. d4 cxd4 4. Nxd4 Nf6 5. Nc3 a6 6. Be2 Nc6 7. Be3 e6 8. Qd2 Qc7 9. a4 Nxd4 10. Bxd4 Be7 11. O-O Bd7 12. Qe3 Bc6 13. Rad1 O-O 14. b4 Rfe8 15. b5 axb5 16. axb5 Bd7 17. Bb6 Qc8 18. Ra1 h6 19. Rxa8 Qxa8 20. Rd1 d5 21. exd5 exd5 22. Qg3 Bf8 23. h3 Qa3 24. Bd4 Ne4 25. Nxe4 Rxe4 26. Qxa3 Bxa3 27. Bf3 Re7 28. b6 Ba4 29. Ra1 Bd6 30. g3 Bxc2 31. Ra8+ Kh7 32. Bxd5 Rd7 33. Ra5 Bb4 34. Rb5 Be1 35. Be3 Bd3 36. Rc5 Bb4 37. Bf3 Bxc5 38. Bxc5 f5 39. Kg2 Be4 40. g4 Rd3 41. Bxe4 fxe4 42. Be3 Kg6 43. Kg3 Rb3 44. Kf4 Rb4 45. h4 Kf6 46. h5 Ke6 47. g5 hxg5+ 48. Kxg5 Rb1 49. Kf4 Kd5 50. Kf5 Rh1 51. Kg6 Rg1+ 52. Kf5 Rg2 53. Kf4 Rg1 54. Kf5 Rh1 55. Kg6 Kc4 56. Kxg7 Rxh5 57. Kf6 Kd3 58. Ke6 Rh3 59. Bc5 Rh6+ 60. Kd7 Rc6 61. Be3 Kc4 62. Ke7 Kb5 63. Kd7 Ka6 64. Bd4 Rxb6 65. Bxb6 Kxb6 66. Kd6 Ka5 67. Kd5 b5 68. Kxe4 b4 69. Kd3 Kb5 70. f4 Kc6 71. Kc4 1/2-1/2

[Event "1st 4NCL International U2050"]
[Site "Telford"]
[Date "2018.11.02"]
[Round "5"]
[White "Gogia, Armaan"]
[Black "Whitehead, Mark A"]
[Result "1/2-1/2"]
[ECO "B42"]
[WhiteElo "1808"]
[BlackElo "1945"]
[Annotator "NA"]
[PlyCount "53"]
[EventDate "2018.10.31"]
[EventType "swiss"]
[EventCountry "GBR"]
[SourceTitle "playchess.com"]
[Source "ChessBase"]
[SourceQuality "1"]
[TimeControl "5400+30"]

1. e4 c5 2. Nf3 e6 3. d4 cxd4 4. Nxd4 a6 5. Bd3 Bc5 6. Nb3 Ba7 7. O-O Ne7 8. Qe2 O-O 9. c4 d6 10. Nc3 Nbc6 11. Be3 e5 12. Bxa7 Rxa7 13. Rfd1 Ng6 14. Nd5 Qg5 15. Qd2 Qxd2 16. Rxd2 Be6 17. Be2 a5 18. Rad1 a4 19. Na1 Bxd5 20. cxd5 Nd4 21. Nc2 Nxe2+ 22. Rxe2 Rc8 23. g3 Ra5 24. Rdd2 Rac5 25. Ne3 Ne7 26. Rc2 Kf8 27. Kf1 1/2-1/2

[Event "1st 4NCL International U2050"]
[Site "Telford"]
[Date "2018.11.02"]
[Round "5"]
[White "Ward, Andrew"]
[Black "Hughes, Peter"]
[Result "1/2-1/2"]
[ECO "A80"]
[WhiteElo "1790"]
[BlackElo "1874"]
[Annotator "NA"]
[PlyCount "47"]
[EventDate "2018.10.31"]
[EventType "swiss"]
[EventCountry "GBR"]
[SourceTitle "playchess.com"]
[Source "ChessBase"]
[SourceQuality "1"]
[TimeControl "5400+30"]

1. d4 f5 2. Bg5 h6 3. Bh4 g5 4. e4 Nf6 5. e5 e6 6. Bg3 f4 7. Bd3 Rg8 8. exf6 Qxf6 9. Qh5+ Qf7 10. Qxf7+ Kxf7 11. Nf3 d6 12. O-O Bd7 13. Nbd2 Be7 14. Nb3 Nc6 15. c3 Raf8 16. Rae1 fxg3 17. fxg3 Kg7 18. Bc4 Nd8 19. g4 Rf4 20. h3 Rgf8 21. Nc1 R4f7 22. Ne2 d5 23. Bd3 Bd6 24. b4 1/2-1/2

[Event "1st 4NCL International U2050"]
[Site "Telford"]
[Date "2018.11.02"]
[Round "5"]
[White "Gorgun, Aliriza Atif"]
[Black "Pert, Max"]
[Result "0-1"]
[ECO "B10"]
[WhiteElo "1739"]
[BlackElo "1393"]
[Annotator "NA"]
[PlyCount "48"]
[EventDate "2018.10.31"]
[EventType "swiss"]
[EventCountry "GBR"]
[SourceTitle "playchess.com"]
[Source "ChessBase"]
[SourceQuality "1"]
[TimeControl "5400+30"]

1. e4 c6 2. Nf3 d5 3. exd5 cxd5 4. Bb5+ Bd7 5. Bxd7+ Nxd7 6. O-O Ngf6 7. c3 e5 8. Qa4 Bd6 9. d4 e4 10. Ne5 Qc7 11. f4 O-O 12. Nxd7 Nxd7 13. Qd1 Rfe8 14. f5 Bxh2+ 15. Kf2 Qg3+ 16. Ke2 Qxg2+ 17. Rf2 Qg4+ 18. Ke1 Qh4 19. Kf1 e3 20. Rg2 Qh3 21. Qc2 e2+ 22. Ke1 Bg3+ 23. Rf2 Bxf2+ 24. Kxf2 e1=Q# 0-1

[Event "1st 4NCL International U2050"]
[Site "Telford"]
[Date "2018.11.02"]
[Round "5"]
[White "Gorgun, Aliriza Atif"]
[Black "Ansari, Athar"]
[Result "1/2-1/2"]
[ECO "B01"]
[WhiteElo "1739"]
[BlackElo "1898"]
[Annotator "NA"]
[PlyCount "130"]
[EventDate "2018.10.31"]
[EventType "swiss"]
[EventCountry "GBR"]
[SourceTitle "playchess.com"]
[Source "ChessBase"]
[SourceQuality "1"]
[TimeControl "5400+30"]

1. e4 d5 2. exd5 Qxd5 3. Nc3 Qa5 4. d4 Nf6 5. Bd2 c6 6. Bc4 Bf5 7. Nd5 Qd8 8. Nxf6+ gxf6 9. c3 e6 10. Ne2 Qb6 11. Ng3 Bg6 12. Qe2 Nd7 13. O-O O-O-O 14. Be3 Qc7 15. f4 Bd6 16. b4 h5 17. Qf3 f5 18. b5 h4 19. Ne2 Bh5 20. Qf2 Nf6 21. bxc6 Qxc6 22. Bd3 h3 23. Bd2 Bxe2 24. Qxe2 hxg2 25. Rf3 Rdg8 26. c4 Rh4 27. c5 Bc7 28. Bb5 Qe4 29. Qxe4 Nxe4 30. Rd1 Nxd2 31. Rxd2 Bxf4 32. Rxg2 Rxg2+ 33. Kxg2 Rxh2+ 34. Kg1 Rb2 35. Be8 Bh2+ 36. Kh1 f6 37. Bf7 Kd7 38. Re3 e5 39. d5 Ke7 40. Be6 Bf4 41. Rh3 Rb1+ 42. Kg2 Rb2+ 43. Kh1 e4 44. Rh7+ Kf8 45. d6 Rd2 46. d7 e3 47. Rf7+ Kg8 48. Re7+ Kf8 49. Re8+ Kg7 50. Bxf5 Be5 51. Bg4 e2 52. Bxe2 Rxd7 53. Ra8 a6 54. Ra7 Bb8 55. c6 Bxa7 56. cxd7 Bb6 57. Bf3 Kg6 58. Bxb7 a5 59. a4 Kf5 60. Kg2 Kf4 61. Bc6 f5 62. Bb7 Ke3 63. Bc6 Kd4 64. Kf3 Ke5 65. Bb5 f4 1/2-1/2

[Event "1st 4NCL International U2050"]
[Site "Telford"]
[Date "2018.11.02"]
[Round "5"]
[White "Wiltshir, Rich"]
[Black "Wilson, Matthew R"]
[Result "1/2-1/2"]
[ECO "A00"]
[WhiteElo "1673"]
[BlackElo "1820"]
[Annotator "NA"]
[PlyCount "76"]
[EventDate "2018.10.31"]
[EventType "swiss"]
[EventCountry "GBR"]
[SourceTitle "playchess.com"]
[Source "ChessBase"]
[SourceQuality "1"]
[TimeControl "5400+30"]

1. b4 Nf6 2. Bb2 e6 3. a3 Be7 4. Nf3 O-O 5. g3 b6 6. Bg2 Bb7 7. O-O d5 8. d3 Nbd7 9. Nbd2 c5 10. Rb1 Qc7 11. bxc5 bxc5 12. Ne5 Rab8 13. Nxd7 Nxd7 14. c4 d4 15. Bxb7 Rxb7 16. a4 h5 17. Ba3 Rxb1 18. Qxb1 h4 19. Nf3 Rb8 20. Qa1 Ne5 21. Rb1 Nxf3+ 22. exf3 Rxb1+ 23. Qxb1 h3 24. Qb5 Qe5 25. Kf1 Qc7 26. Bc1 Qc8 27. Bf4 Kh7 28. Qb8 Qc6 29. Qxa7 Qxf3 30. Ke1 Bd8 31. Qxc5 Qxd3 32. Qh5+ Kg8 33. Qb5 Qe4+ 34. Kd2 Kh7 35. Qh5+ Kg8 36. Qb5 Kh7 37. Qh5+ Kg8 38. Qb5 Qf5 1/2-1/2

[Event "1st 4NCL International U2050"]
[Site "Telford"]
[Date "2018.11.02"]
[Round "5"]
[White "Stubbs, Oliver"]
[Black "Wynarczyk, Raymond"]
[Result "1-0"]
[ECO "D00"]
[WhiteElo "1672"]
[BlackElo "1908"]
[Annotator "NA"]
[PlyCount "79"]
[EventDate "2018.10.31"]
[EventType "swiss"]
[EventCountry "GBR"]
[SourceTitle "playchess.com"]
[Source "ChessBase"]
[SourceQuality "1"]
[TimeControl "5400+30"]

1. d4 d5 2. Bf4 Bf5 3. e3 e6 4. c4 Bxb1 5. Qxb1 Bb4+ 6. Kd1 Bd6 7. Bg3 Nf6 8. Nf3 Ne4 9. Qc2 O-O 10. Bd3 f5 11. Ke2 Nc6 12. a3 Be7 13. cxd5 exd5 14. Bb5 Nxg3+ 15. hxg3 Qd6 16. Rac1 Rf6 17. Bxc6 Qxc6 18. Qxc6 Rxc6 19. Rxc6 bxc6 20. Rc1 Rb8 21. b4 a5 22. Ne5 axb4 23. Nxc6 Re8 24. Nxe7+ Rxe7 25. axb4 Kf7 26. Rc6 Ke8 27. Rc5 Rd7 28. Kf3 Ke7 29. Rc6 Kd8 30. Kf4 Re7 31. Rc5 Rd7 32. Ke5 c6 33. Rxc6 Rb7 34. Rd6+ Ke7 35. Rxd5 Rxb4 36. Kxf5 Rb2 37. f3 Rxg2 38. g4 Rg3 39. Kf4 Rh3 40. Rh5 1-0

[Event "1st 4NCL International U2050"]
[Site "Telford"]
[Date "2018.11.02"]
[Round "5"]
[White "Burgoyne, Peter A"]
[Black "Gostelow, David W"]
[Result "1/2-1/2"]
[ECO "B22"]
[WhiteElo "1665"]
[BlackElo "1892"]
[Annotator "NA"]
[PlyCount "81"]
[EventDate "2018.10.31"]
[EventType "swiss"]
[EventCountry "GBR"]
[SourceTitle "playchess.com"]
[Source "ChessBase"]
[SourceQuality "1"]
[TimeControl "5400+30"]

1. e4 c5 2. c3 d5 3. exd5 Nf6 4. Nf3 Nxd5 5. Bc4 e6 6. O-O Be7 7. d4 O-O 8. Nbd2 Nc6 9. Nb3 b6 10. Re1 cxd4 11. Nbxd4 Nxd4 12. Nxd4 Bb7 13. Qe2 Rc8 14. Bd3 Qd6 15. Qe4 g6 16. Bh6 Rfd8 17. Qe2 Bf8 18. Bg5 Nf4 19. Bxf4 Qxf4 20. Rad1 Bg7 21. Qe3 Qg4 22. Bf1 Bxd4 23. cxd4 Rc2 24. Re2 Rxe2 25. Qxe2 Rxd4 26. Qxg4 Rxg4 27. Rd7 Bd5 28. Rxa7 Rd4 29. b3 Rd1 30. f3 Ra1 31. Ra3 Kg7 32. Kf2 Rc1 33. Bd3 Rd1 34. Be4 Rd2+ 35. Kg3 Bxe4 36. fxe4 Kf6 37. Ra4 h5 38. Kf3 g5 39. h3 Rc2 40. Rb4 Rc3+ 41. Kf2 1/2-1/2